 Dungeon Crawl Stone Soup version 0.31-a0-836-g3ceb0a68c4 (webtiles) character file.

Game seed: 480231153058770982

296 Hubris850 the Covert (level 6, 0/30 HPs)
             Began as a Spriggan Brigand on Sept 26, 2023.
             Was a Believer of Sif Muna.
             Slain by a gnoll
             ... wielding a +0 spear
             ... led by a gnoll bouda
              (6 damage)
             ... on level 4 of the Dungeon.
             The game lasted 00:08:37 (3127 turns).

Hubris850 the Covert (Spriggan Brigand)             Turns: 3127, Time: 00:08:38

Health: 0/30       AC:  3    Str:  6    XL:     6   Next: 12%
Magic:  7/7        EV: 18    Int: 16    God:    Sif Muna [**....]
Gold:   191        SH:  0    Dex: 18    Spells: 5/5 levels left

rFire   . . .        s - +2 dagger (venom)
rCold   . . .        (no shield)
rNeg    . . .        b - +0 robe
rPois   .            (helmet restricted)
rElec   +            c - +0 cloak
rCorr   .            (gloves unavailable)
SInv    +            (boots unavailable)
Will    +....        (no amulet)
Stlth   ++++         (no ring)
HPRegen 0.25/turn    (no ring)
MPRegen 0.10/turn

%: random rage (3%)
@: very quick
A: very small, no large weapons, unfitting armour, see invisible, speed 3,
berserk 1, clever 1, electricity resistance
a: Renounce Religion, Channel Magic


You were on level 4 of the Dungeon.
You worshipped Sif Muna.
Sif Muna was pleased with you.
You visited 1 branch of the dungeon, and saw 4 of its levels.

You collected 191 gold pieces.

Inventory:

Hand Weapons
 a - a +2 dagger
 s - a +2 dagger of venom (weapon)
 t - a +0 rapier
Missiles
 d - 8 poisoned darts (quivered)
 e - 3 curare-tipped darts
Armour
 b - a +0 robe (worn)
 c - a +0 cloak (worn)
Jewellery
 i - a ring of ice
Talismans
 f - a beast talisman
Scrolls
 g - a scroll of brand weapon {unknown}
 j - 2 scrolls of immolation {unknown}
 m - 2 scrolls of poison {unknown}
 n - a scroll of identify {unknown}
 q - a scroll of fear {unknown}
 r - 3 scrolls of revelation {unknown}
Potions
 h - 3 potions of haste {unknown}
 k - 3 potions of invisibility
 l - a potion of mutation
 o - 4 potions of heal wounds {unknown}
 p - a potion of attraction {unknown}
 u - a potion of curing


   Skills:
 - Level 1.5 Fighting
 + Level 4.7 Short Blades
 - Level 3.0 Throwing
 - Level 3.5 Dodging
 - Level 8.0 Stealth


You had 5 spell levels left.
You didn't know any spells.
Your spell library contained the following spells:

 Spells                   Type           Power      Damage    Failure   Level
 Apportation              Tloc           0%         N/A       26%         1
 Necrotise                Necr           0%         1d4       26%         1
 Summon Small Mammal      Summ           0%         N/A       26%         1


Dungeon Overview and Level Annotations

Branches:
Dungeon (4/15)             Temple (0/1) D:4

Altars:
Nemelex Xobeh
Sif Muna
Trog

Annotations:
D:4 2 transporters, TheScarfBastard's ghost, amateur DrBe


Innate Abilities, Weirdness & Mutations

You are very small and have problems with some larger weapons.
You are too small for most types of armour.
You have supernaturally acute eyesight. (SInv)
You cover ground extremely quickly. (Speed+++)
You sometimes lose your temper in combat.
Your mind is acute. (Int +4, Str/Dex -1)
You are resistant to electric shocks. (rElec)


Message History

You hit the ufetubus but do no damage.
The ufetubus looks as sick as possible!
The ufetubus is heavily wounded.
Your attacks no longer feel as feeble.
The ufetubus closely misses you. The ufetubus barely misses you.
You hit the ufetubus.
You kill the ufetubus!
Sif Muna accepts your kill. The gnoll misses you.
You hit the gnoll bouda.
The gnoll bouda looks even sicker.
The gnoll bouda is severely wounded.
The gnoll is no longer moving quickly.
The gnoll barely misses you.
You hit the gnoll bouda but do no damage.
The gnoll bouda looks as sick as possible!
The gnoll bouda is almost dead.
You closely miss the gnoll bouda.
The gnoll bouda is almost dead.
You kill the gnoll bouda!
Sif Muna accepts your kill. The gnoll misses you.
The gnoll hits you with a +0 spear! The gnoll hits you but does no damage.
Things that are here:
a +0 club; a +0 leather armour You hit the gnoll but do no damage.
The gnoll is poisoned.
The gnoll barely misses you.
You hit the gnoll.
The gnoll looks as sick as possible!
The gnoll is moderately wounded.
The gnoll hits you from afar with a +0 spear.
* * * LOW HITPOINT WARNING * * *
You hit the gnoll.
The gnoll looks as sick as possible!
The gnoll is heavily wounded.
The gnoll is no longer moving quickly.
The gnoll hits you with a +0 spear.
* * * LOW HITPOINT WARNING * * *
The gnoll hits you from afar with a +0 spear.
* * * LOW HITPOINT WARNING * * *
You hit the gnoll but do no damage.
The gnoll is heavily wounded.
You kill the gnoll!
Sif Muna accepts your kill.
The gnoll hits you from afar with a +0 spear.
You die...

....................
..............>.....
.............!.........
......................
...........†.........
.$.....>.......#.... .
......[...##g#...... ..
....#...###)####.##.## ..
##....@...##...g.#
#...##....)..# .##
##..####(....# # ......
##..######....>. .....[
#...## ##..## ##.....
#.#..### ...# ©#..$..##
#.##...##..#.#
#......######[####....# #
#.....<.##........†###..#


You could see a gnoll.

Vanquished Creatures
  A scorpion (D:4)
  A hound (D:4)
  A gnoll bouda (D:4)
  Natasha (D:2)
  3 gnolls (D:4)
  6 adders
  2 ufetubi
  2 worms
  2 dart slugs (D:1)
  4 orcs (D:4)
  4 bats (D:1)
  6 endoplasms
  3 giant cockroaches
  3 goblins
  3 hobgoblins
  4 jackals (D:4)
  7 kobolds
  6 quokkas
  5 ball pythons
  A frilled lizard (D:3)
  3 rats
68 creatures vanquished.

Notes
Turn   | Place    | Note
-------+----------+-------------------------------------------
     0 | D:1      | Hubris850 the Spriggan Brigand began the quest for the Orb.
     0 | D:1      | Reached XP level 1. HP: 10/10 MP: 2/2
    92 | D:1      | Reached skill level 6 in Stealth
    97 | D:1      | Reached XP level 2. HP: 10/14 MP: 3/3
   122 | D:1      | Found a faded altar of an unknown god.
   142 | D:1      | Prayed at the altar of an unknown god.
   142 | D:1      | Became a worshipper of Sif Muna the Loreminder
   142 | D:1      | Reached * piety under Sif Muna
   629 | D:1      | Reached XP level 3. HP: 15/18 MP: 4/4
  1104 | D:2      | Found a sparkling altar of Nemelex Xobeh.
  1133 | D:2      | Gained mutation: You sometimes lose your temper in combat.
                  | [potion of mutation]
  1133 | D:2      | Gained mutation: You have hidden genetic potential. [potion
                  | of mutation]
  1418 | D:2      | Noticed Natasha
  1426 | D:2      | Killed Natasha
  1427 | D:2      | Reached XP level 4. HP: 22/22 MP: 5/5
  2047 | D:3      | Gained mutation: You are resistant to electric shocks.
                  | (rElec) [hidden potential]
  2048 | D:3      | Reached ** piety under Sif Muna
  2218 | D:3      | You fall into a shaft and drop 1 floor!
  2218 | D:4      | Found a bloodstained altar of Trog.
  2267 | D:4      | Found a transporter.
  2271 | D:4      | Noticed TheScarfBastard's ghost (amateur DrBe)
  2292 | D:4      | Noticed a scorpion
  2303 | D:4      | Killed a scorpion
  2304 | D:4      | Reached skill level 7 in Stealth
  2304 | D:4      | Reached XP level 5. HP: 20/25 MP: 6/6
  2332 | D:4      | Gained mutation: Your mind is acute. (Int +4, Str/Dex -1)
                  | [hidden potential]
  2332 | D:4      | Lost mutation: You have hidden genetic potential. [hidden
                  | potential expressed]
  2853 | D:4      | Found a staircase to the Ecumenical Temple.
  2886 | D:4      | Found a transporter.
  2926 | D:4      | Reached skill level 8 in Stealth
  3051 | D:4      | Reached XP level 6. HP: 22/30 MP: 7/7
  3127 | D:4      | Slain by a gnoll

Illustrated notes

Levels and vault maps discovered:
D:1:      matt_arrival_refuge, layout_loops_cross,
          hellmonk_ecumenical_altar_arch_garden, serial_co_window_serial,
          co_window_paths_a, co_window_corner_a, co_window_of_opportunity_a,
          co_window_corner_a, co_window_paths_b, co_window_paths_a,
          co_window_corner_a, co_window_broadway_a, co_window_corner_cb,
          co_window_corner_b, co_window_cross_2, co_window_of_opportunity_b,
          glass_columns_a, glass_columns_a, glass_columns_a
D:2:      layout_basic, basic_altar, uniq_natasha
D:3:      layout_basic, kennysheep_generic_room_13
D:4:      layout_rooms, bloody_trog, minmay_temple_entry_statues,
          gammafunk_ghost_stat_death

Skill      XL: |  1  2  3  4  5 |
---------------+----------------+-----
Stealth        | 6 7 8 |  8.0
Dodging        | 2 3 |  3.5
Short Blades   | 3 4 |  4.7
Throwing       | 3 |  3.0
Fighting       | |  1.5

Action                     |  1- 3 |  4- 6 || total
---------------------------+-------+-------++-------
  Melee: Dagger            |    87 |   102 ||   189
  Throw: Dart              |     4 |     4 ||     8
    Use: Potion            |     3 |       ||     3
   Stab: Sleeping          |    13 |    11 ||    24
         Invisible         |     1 |       ||     1
 Armour: Robe              |    21 |    36 ||    57
  Dodge: Dodged            |    44 |    89 ||   133

Table legend: (Time is in decaauts)
 A = Elapsed time spent in this place.
 B = Non-inter-level travel time spent in this place.
 C = Inter-level travel time spent in this place.
 D = Time resting spent in this place.
 E = Time spent auto-exploring this place.
 F = Levels seen in this place.
 G = Mean time per level.
                   A        B        C        D        E       F      G
               +--------+--------+--------+--------+--------+-----+--------+
         Total |   2093 |   2048 |     45 |    247 |   1289 |   4 |  523.2 |
       Dungeon |   2093 |   2048 |     45 |    247 |   1289 |   4 |  523.2 |
               +--------+--------+--------+--------+--------+-----+--------+

Top non-repeatable levels by time:
     D:1: 648 daAuts
     D:2: 604 daAuts
     D:3: 573 daAuts
     D:4: 268 daAuts
